 Dungeon Crawl Stone Soup version 0.22.1-1-ga44c0e5 (webtiles) character file.

2787 stormannn the Magician (level 9, -6/64 (66) HPs)
             Began as a Gnoll Venom Mage on Sept 28, 2018.
             Was a Believer of Vehumet.
             Mangled by a centaur (8 damage)
             ... on level 9 of the Dungeon.
             The game lasted 00:39:32 (8658 turns).

stormannn the Magician (Gnoll Venom Mage)           Turns: 8658, Time: 00:39:32

HP:   -6/64 (66)    AC:  9    Str: 10    XL:     9   Next: 70%
MP:   18/19         EV: 16    Int: 22    God:    Vehumet [**....]
Gold: 364           SH:  0    Dex: 17    Spells: 4/21 levels left

rFire    . . .     SeeInvis .   x - +4 dagger (chaos)
rCold    . . .     Gourm    .   (no shield)
rNeg     . . .     Faith    .   g - +0 robe
rPois    .         Spirit   .   (no helmet)
rElec    .         Reflect  .   C - +0 cloak
rCorr    .         Harm     .   t - +0 pair of gloves
MR       .....                  (no boots)
Stlth    +++.......             (no amulet)
HPRegen  0.20/turn              E - +5 ring of protection
MPRegen  0.16/turn              k - +2 ring of intelligence

@: about to teleport
A: distributed training, fangs 1, strong nose
a: Renounce Religion


You were on level 9 of the Dungeon.
You worshipped Vehumet.
Vehumet was pleased with you.
You were hungry.

You visited 1 branch of the dungeon, and saw 9 of its levels.

You collected 364 gold pieces.

Inventory:

Hand Weapons
 w - a +2 spear of chaos
 x - a +4 dagger of chaos (weapon)
Missiles
 b - 5 steel tomahawks
 d - 10 tomahawks (quivered)
Armour
 e - the cursed +1 ring mail of the Gravedigger {rElec rF++ rC- Dex+2}
   (You found it on level 7 of the Dungeon)

   It affects your dexterity (+2).
   It greatly protects you from fire.
   It makes you vulnerable to cold.
   It insulates you from electricity.
   It has a curse placed upon it.
 g - a +0 robe (worn)
 t - a +0 pair of gloves (worn)
 C - a +0 cloak (worn)
Jewellery
 a - an uncursed ring of fire {unknown}
 k - a +2 ring of intelligence (right hand)
 u - an uncursed ring of positive energy
 E - a +5 ring of protection (left hand)
Wands
 p - a wand of enslavement (14)
Scrolls
 h - 5 scrolls of identify
 i - 2 scrolls of teleportation
 l - 2 scrolls of immolation
 n - a scroll of magic mapping {unknown}
 o - 3 scrolls of remove curse
 v - a scroll of enchant armour {unknown}
 y - a scroll of blinking {unknown}
 A - a scroll of random uselessness {unknown}
 D - a scroll of holy word {unknown}
Potions
 f - 2 potions of brilliance
 j - a potion of ambrosia
 m - a potion of might
 q - a potion of invisibility {unknown}
 r - 2 potions of flight {unknown}
 s - a potion of haste {unknown}
 z - 2 potions of degeneration {unknown}
 B - a potion of curing
Comestibles
 c - 13 rations


   Skills:
 + Level 4.4 Fighting
 + Level 4.4 Short Blades
 + Level 4.4 Long Blades
 + Level 4.4 Axes
 + Level 4.4 Maces & Flails
 + Level 4.4 Polearms
 + Level 4.4 Staves
 + Level 4.4 Slings
 + Level 4.4 Bows
 + Level 4.4 Crossbows
 + Level 4.4 Throwing
 + Level 4.4 Armour
 + Level 6.4 Dodging
 + Level 6.1 Stealth
 + Level 4.4 Shields
 + Level 4.4 Unarmed Combat
 + Level 6.7 Spellcasting
 + Level 4.3 Conjurations
 + Level 3.6 Hexes
 + Level 3.6 Charms
 + Level 3.6 Summonings
 + Level 3.6 Necromancy
 + Level 3.6 Translocations
 + Level 3.6 Transmutations
 + Level 3.6 Fire Magic
 + Level 3.6 Ice Magic
 + Level 3.6 Air Magic
 + Level 3.6 Earth Magic
 + Level 6.6 Poison Magic
 + Level 4.9 Invocations
 + Level 4.4 Evocations


You had 4 spell levels left.
You knew the following spells:

 Your Spells              Type           Power        Failure   Level  Hunger
a - Sting                 Conj/Pois      ####         1%          1    None
b - Olgreb's Toxic Radia  Pois           #####...     5%          4    ###....
c - Mephitic Cloud        Conj/Pois/Air  ####....     3%          3    #......
d - Pain                  Necr           ###.         1%          1    None
e - Regeneration          Chrm/Necr      ###.......   5%          3    #......
f - Searing Ray           Conj           ####..       2%          2    None
g - Stone Arrow           Conj/Erth      ###...       4%          3    #......

Your spell library contained the following spells:

 Spells                   Type           Power        Failure   Level  Hunger
 Animate Skeleton         Necr           N/A          1%          1    None
 Sandblast                Erth           ###...       1%          1    None
 Poisonous Vapours        Pois/Air       ####..       1%          2    None
 Passwall                 Tmut/Erth      ###.....     2%          2    None
 Vampiric Draining        Necr           ###.......   5%          3    #......
 Animate Dead             Necr           N/A          19%         4    ###....
 Petrify                  Tmut/Erth      ###.....     19%         4    ###....
 Venom Bolt               Conj/Pois      ####......   24%         5    #####..
 Lee's Rapid Deconstruct  Erth           ###.......   45%         5    #####..


Dungeon Overview and Level Annotations

Branches:
Dungeon (9/15)             Temple (0/1) D:6
   Lair: D:8-11         Orc: D:9-12

Altars:
Gozag
Nemelex Xobeh
Okawaru
Qazlal
Sif Muna
Trog
Vehumet
Xom
Yredelemnul
The Shining One

Shops:
D:2 *   D:4 ?

Annotations:
D:5 2 transporters, JeffiDaFish's ghost, amateur DENe
D:7 2 transporters, MoronicCinamun's ghost, novice DrTm


Innate Abilities, Weirdness & Mutations

Your experience applies equally to all skills.
You have very sharp teeth.
Your uncanny sense of smell can sniff out nearby items.


Message History

You hit something but do no damage. Something hits you.
Casting: Sting (safe; 1% risk of failure)
Confirm with . or Enter, or press ? or * to list all spells.
You can't see any susceptible monsters within range! (Use Z to cast anyway.) Unknown command.
You closely miss something. Something hits you! Something hits you.
You hit something but do no damage. Something hits you but does no damage.
You closely miss something. Something hits you! x2
Something hits you! Something hits you.
* * * LOW HITPOINT WARNING * * *
Something hits you!
* * * LOW HITPOINT WARNING * * *
You see here a wand of digging (18).
As you read the scroll of teleportation, it crumbles to dust.
You feel strangely unstable. Something hits you.
* * * LOW HITPOINT WARNING * * *
Something hits you.
* * * LOW HITPOINT WARNING * * *
Something hits you!
You die...

∆
###############+#######
∆
#.........##..........#
#.........##..........#
#..../@...##..........#
#..........#..........#
#.....................'
+>........##..).......#
#.........#############
###########


There were no monsters in sight!

Vanquished Creatures
  A kobold demonologist (D:8)
  A hungry ghost (D:9)
  2 ice beasts (D:8)
  A necrophage (D:5)
  2 ogres
  A phantom (D:8)
  A sky beast (D:8)
  3 centaurs
  3 bullfrogs
  3 scorpions
  4 wights
  A howler monkey (D:4)
  3 crimson imps
  A centaur zombie (D:6)
  2 quasits
  3 orc priests
  A hound (D:9)
  A jelly (D:5)
  7 orc wizards
  2 centaur skeletons
  3 worker ants
  3 iguanas
  A killer bee zombie (D:6)
  A worker ant zombie (D:6)
  A howler monkey skeleton (D:8)
  7 adders
  6 gnolls
  A shadow imp (D:6)
  4 dart slugs
  A leopard gecko (D:5)
  26 orcs
  12 bats
  5 giant cockroaches
  5 goblins
  11 hobgoblins
  4 jackals (D:5)
  3 quokkas
  A ball python (D:2)
  A ball python skeleton (D:5)
  6 frilled lizards
  8 kobolds
  A quokka skeleton (D:4)
  4 rats
158 creatures vanquished.

Notes
Turn   | Place    | Note
-------+----------+-------------------------------------------
     0 | D:1      | stormannn the Gnoll Venom Mage began the quest for the Orb.
     0 | D:1      | Reached XP level 1. HP: 13/13 MP: 6/6
   311 | D:1      | Reached XP level 2. HP: 19/19 MP: 5/7
   935 | D:1      | Reached XP level 3. HP: 20/25 MP: 1/9
   936 | D:1      | Reached skill level 5 in Spellcasting
  1047 | D:2      | Reached skill level 1 in Invocations
  1170 | D:2      | Found an opulent altar of Gozag.
  1212 | D:2      | Found Gozag's Platinum Reserve.
  1238 | D:2      | Reached skill level 1 in Fighting
  1238 | D:2      | Reached skill level 1 in Short Blades
  1238 | D:2      | Reached skill level 1 in Long Blades
  1238 | D:2      | Reached skill level 1 in Axes
  1238 | D:2      | Reached skill level 1 in Maces & Flails
  1238 | D:2      | Reached skill level 1 in Polearms
  1238 | D:2      | Reached skill level 1 in Staves
  1238 | D:2      | Reached skill level 1 in Slings
  1238 | D:2      | Reached skill level 1 in Bows
  1238 | D:2      | Reached skill level 1 in Crossbows
  1238 | D:2      | Reached skill level 1 in Throwing
  1238 | D:2      | Reached skill level 1 in Armour
  1238 | D:2      | Reached skill level 1 in Shields
  1238 | D:2      | Reached skill level 1 in Unarmed Combat
  1238 | D:2      | Reached skill level 1 in Evocations
  1385 | D:2      | Reached XP level 4. HP: 32/32 MP: 8/11
  1530 | D:2      | Found a faded altar of an unknown god.
  1698 | D:2      | Learned a level 4 spell: Olgreb's Toxic Radiance
  1702 | D:2      | Learned a level 3 spell: Mephitic Cloud
  1711 | D:3      | Reached skill level 1 in Hexes
  1711 | D:3      | Reached skill level 1 in Charms
  1711 | D:3      | Reached skill level 1 in Summonings
  1711 | D:3      | Reached skill level 1 in Necromancy
  1711 | D:3      | Reached skill level 1 in Translocations
  1711 | D:3      | Reached skill level 1 in Transmutations
  1711 | D:3      | Reached skill level 1 in Fire Magic
  1711 | D:3      | Reached skill level 1 in Ice Magic
  1711 | D:3      | Reached skill level 1 in Air Magic
  1711 | D:3      | Reached skill level 1 in Earth Magic
  1713 | D:3      | Reached XP level 5. HP: 14/37 MP: 8/12
  1866 | D:3      | Noticed a fire elemental
  1867 | D:3      | Found a stormy altar of Qazlal.
  1870 | D:3      | Noticed an air elemental
  1870 | D:3      | Noticed a water elemental
  2248 | D:3      | Found a sparkling altar of Nemelex Xobeh.
  2414 | D:3      | Found a glowing golden altar of the Shining One.
  2564 | D:3      | Found a shimmering altar of Xom.
  2692 | D:4      | Found Huegaat's Magic Scroll Boutique.
  2749 | D:4      | Found a radiant altar of Vehumet.
  2764 | D:4      | Became a worshipper of Vehumet
  2787 | D:4      | Reached XP level 6. HP: 44/44 MP: 9/13
  2973 | D:4      | Found a basalt altar of Yredelemnul.
  3062 | D:4      | Reached skill level 5 in Dodging
  3519 | D:5      | Entered Level 5 of the Dungeon
  3629 | D:5      | Found a transporter.
  3631 | D:5      | Noticed JeffiDaFish's ghost (amateur DENe)
  3635 | D:5      | Found a transporter.
  3722 | D:5      | Reached XP level 7. HP: 28/50 MP: 9/15
  4420 | D:5      | Learned a level 1 spell: Pain
  4424 | D:5      | Learned a level 3 spell: Regeneration
  4526 | D:5      | Found a bloodstained altar of Trog.
  4836 | D:6      | Reached * piety under Vehumet
  4836 | D:6      | Offered knowledge of Magic Dart by Vehumet.
  4856 | D:6      | Reached skill level 5 in Stealth
  4977 | D:6      | Found a staircase to the Ecumenical Temple.
  5077 | D:6      | Reached XP level 8. HP: 42/55 MP: 10/16
  5630 | D:7      | Found an iron altar of Okawaru.
  6556 | D:7      | Noticed MoronicCinamun's ghost (novice DrTm)
  6619 | D:7      | Found a transporter.
  6620 | D:7      | Noticed a two-headed ogre
  6628 | D:7      | Found a transporter.
  6648 | D:7      | Got a jewelled ring mail
  7124 | D:7      | Reached XP level 9. HP: 59/63 MP: 3/18
  7231 | D:7      | Identified the cursed +1 ring mail of the Gravedigger
                  | {rElec rF++ rC- Dex+2} (You found it on level 7 of the
                  | Dungeon)
  7294 | D:8      | Found a deep blue altar of Sif Muna.
  7295 | D:8      | Found a stormy altar of Qazlal.
  7295 | D:8      | Noticed an orc knight
  7350 | D:8      | Offered knowledge of Searing Ray by Vehumet.
  7481 | D:8      | Learned a level 2 spell: Searing Ray
  7619 | D:8      | Reached ** piety under Vehumet
  7671 | D:8      | Noticed a two-headed ogre
  7672 | D:8      | Noticed a kobold demonologist
  7673 | D:8      | Noticed a troll
  7696 | D:8      | Killed a kobold demonologist
  8087 | D:8      | Learned a level 3 spell: Stone Arrow
  8657 | D:9      | HP: 2/64 [something (3)]
  8658 | D:9      | Mangled by a centaur

Skill      XL: |  1  2  3  4  5  6  7  8  9 |
---------------+----------------------------+-----
Conjurations   | 2 3 4 |  4.3
Spellcasting   | 5 6 |  6.7
Invocations    | 1 2 3 4 |  4.9
Fighting       | 1 2 3 4 |  4.4
Short Blades   | 1 2 3 4 |  4.4
Long Blades    | 1 2 3 4 |  4.4
Axes           | 1 2 3 4 |  4.4
Maces & Flails | 1 2 3 4 |  4.4
Polearms       | 1 2 3 4 |  4.4
Staves         | 1 2 3 4 |  4.4
Slings         | 1 2 3 4 |  4.4
Bows           | 1 2 3 4 |  4.4
Crossbows      | 1 2 3 4 |  4.4
Throwing       | 1 2 3 4 |  4.4
Armour         | 1 2 3 4 |  4.4
Shields        | 1 2 3 4 |  4.4
Unarmed Combat | 1 2 3 4 |  4.4
Evocations     | 1 2 3 4 |  4.4
Hexes          | 1 2 3 |  3.6
Charms         | 1 2 3 |  3.6
Summonings     | 1 2 3 |  3.6
Necromancy     | 1 2 3 |  3.6
Translocations | 1 2 3 |  3.6
Transmutations | 1 2 3 |  3.6
Fire Magic     | 1 2 3 |  3.6
Ice Magic      | 1 2 3 |  3.6
Air Magic      | 1 2 3 |  3.6
Earth Magic    | 1 2 3 |  3.6
Dodging        | 5 6 |  6.4
Stealth        | 5 6 |  6.1
Poison Magic   | 6 |  6.6

Action                   |  1- 3 |  4- 6 |  7- 9 || total
-------------------------+-------+-------+-------++-------
Melee: Unarmed           |    17 |       |       ||    17
       Bite              |     1 |     1 |    22 ||    24
       Dagger            |    11 |    39 |   202 ||   252
       Punch             |       |       |     1 ||     1
 Cast: Sting             |    59 |    75 |    82 ||   216
       Olgreb's Toxic Ra |       |     2 |    13 ||    15
       Pain              |       |       |    61 ||    61
       Stone Arrow       |       |       |    11 ||    11
       Mephitic Cloud    |       |       |     2 ||     2
       Regeneration      |       |       |     2 ||     2
  Use: Potion            |       |     3 |       ||     3
       Scroll            |       |       |    13 ||    13
 Stab: Sleeping          |     1 |     2 |     5 ||     8
       Confused          |       |       |     1 ||     1
  Eat: Chunk             |     1 |     7 |    17 ||    25
Armor: Robe              |    12 |     4 |    52 ||    68
Dodge: Dodged            |    33 |    27 |   147 ||   207
